 Dungeon Crawl Stone Soup version 0.28-a0-589-g333b8329f1 (webtiles) character file.

Game seed: 1098630039476347442

375 bande the Covered (level 6, 32/38 HPs)
             Began as a Gargoyle Fighter on Oct 4, 2021.
             Quit the game on level 3 of the Dungeon.
             The game lasted 00:05:16 (2513 turns).

bande the Covered (Gargoyle Fighter)                Turns: 2513, Time: 00:05:17

Health: 32/38      AC: 17    Str: 22    XL:     6   Next: 72%
Magic:  6/6        EV:  8    Int:  9    God:
Gold:   106        SH:  4    Dex: 10    Spells: 5/5 levels left

rFire   . . .      SeeInvis .   a - +1 war axe
rCold   . . .      Faith    .   c - +0 buckler
rNeg    + . .      Spirit   .   h - +0 chain mail
rPois   ∞          Reflect  .   (no helmet)
rElec   +          Harm     .   (no cloak)
rCorr   .          Rampage  .   i - +0 pair of gloves
Will    .....                   (no boots)
Stlth   ..........              (no amulet)
HPRegen 0.12/turn               (no ring)
MPRegen 0.10/turn               (no ring)

@: studying Translocations
A: sickness immunity, AC +4, negative energy resistance 1, electricity
resistance, torment resistance 1, petrification resistance, iridescent scales 1,
strong 1, devolution 1
a: no special abilities


You were on level 3 of the Dungeon.
You visited 1 branch of the dungeon, and saw 4 of its levels.

You collected 106 gold pieces.

Inventory:

Hand Weapons
 a - a +1 war axe (weapon)
 l - a +0 war axe
Armour
 c - a +0 buckler (worn)
 h - a +0 chain mail (worn)
 i - a +0 pair of gloves (worn)
Scrolls
 b - a scroll of summoning
 g - 2 scrolls of teleportation
Potions
 d - 2 potions of might
 f - a potion of heal wounds
 j - a potion of curing


   Skills:
 + Level 4.2 Fighting
 + Level 4.4 Axes
 + Level 4.5 Armour
 - Level 0.7 Stealth
 + Level 4.2 Shields
 * Level 2.0 Translocations


You had 5 spell levels left.
You didn't know any spells.
Your spell library contained the following spells:

 Spells                   Type           Power      Damage    Failure   Level
 Foxfire                  Conj/Fire      0%         2x1d4     97%         1
 Conjure Flame            Conj/Fire      0%         6-21      100%        3
 Inner Flame              Hex/Fire       0%         N/A       100%        3
 Flame Wave               Conj/Fire      0%         3d3       100%        4


Dungeon Overview and Level Annotations

Branches:
Dungeon (4/15)
 Temple: D:4-7

Altars:
Dithmenos
Sif Muna

Shops:
D:3 =


Innate Abilities, Weirdness & Mutations

You are immune to sickness and miasma.
Your stone body is resilient. (AC +4)
You are immune to poison.
You resist negative energy. (rN+)
You are resistant to electric shocks. (rElec)
You are resistant to unholy torment.
You are immune to petrification.
You are partially covered in iridescent scales. (AC +2)
Your muscles are strong. (Str +2)
You have hidden genetic defects.


Message History

No target in view!
No target in view!
No target in view!
You barely miss something. Something hits you. Something shocks you.
You resist.
You closely miss something.
A sky beast appears from thin air!
Reactivating autopickup.
The sky beast hits you but does no damage.
You barely miss the sky beast.
The sky beast is severely wounded.
The sky beast hits you but does no damage.
You barely miss the sky beast.
The sky beast is severely wounded.
The sky beast hits you but does no damage.
The sky beast closely misses you.
You barely miss the sky beast.
The sky beast is severely wounded.
The sky beast completely misses you.
You slash the sky beast!
The sky beast is almost dead.
You block the sky beast's attack.
You closely miss the sky beast.
The sky beast is almost dead.
The sky beast hits you but does no damage.
The sky beast closely misses you.
You slash the sky beast!
You kill the sky beast!
Your Translocations skill increases to level 2!
k - a fuming emerald potion
As you read the scroll of identify, it crumbles to dust.
k - a potion of mutation
As you read the scroll of identify, it crumbles to dust.
j - a potion of curing Really quaff the potion of mutation?
You feel extremely strange.
You feel a hidden malignance growing inside you.
You feel stronger.
Iridescent scales grow over part of your body.
Autopickup is now off.
Are you sure you want to abandon this character and quit the game? (Confirm with "yes".)

##### #...########## ###
##............. ..#
......##...#########.###
.......................
)....###..#.##.#####.# #
.....#
#....##.......#...#
.....#
##.∩.###.@.......P#
.....# #....#
#.....#....+ .....#
#..#.# #.....#...P#
###### #....#
#.....#....#
#####...#####.####....#
####..............
......
......##########..
...... ####..# ##.
..#..#


There were no monsters in sight!

Vanquished Creatures
  A sky beast (D:3)
  An ogre (D:4)
  A water moccasin skeleton (D:4)
  A hound (D:3)
  A jelly (D:4)
  3 adders (D:2)
  A worm (D:2)
  2 dart slugs
  An orc (D:4)
  7 endoplasms
  A giant cockroach (D:2)
  8 goblins
  2 hobgoblins
  5 kobolds
  A quokka (D:3)
  2 ball pythons (D:1)
  8 bats
  A frilled lizard (D:1)
  5 rats (D:1)
52 creatures vanquished.

Notes
Turn   | Place    | Note
-------+----------+-------------------------------------------
     0 | D:1      | bande the Gargoyle Fighter began the quest for the Orb.
     0 | D:1      | Reached XP level 1. HP: 14/14 MP: 1/1
    85 | D:1      | Reached XP level 2. HP: 19/19 MP: 2/2
   912 | D:2      | Reached XP level 3. HP: 24/24 MP: 3/3
  1021 | D:2      | Found a faded altar of an unknown god.
  1318 | D:2      | Reached XP level 4. HP: 18/29 MP: 4/4
  1833 | D:3      | Found a shimmering blue altar of Sif Muna.
  1896 | D:3      | Found Roguanyo's Jewellery Shop.
  1906 | D:3      | You fall into a shaft and drop 1 floor!
  1912 | D:4      | Reached XP level 5. HP: 27/33 MP: 5/5
  2007 | D:4      | Identified a scroll of acquirement
  2007 | D:4      | Acquired a manual of Translocations
  2122 | D:4      | Noticed an ogre
  2130 | D:4      | Killed an ogre
  2131 | D:4      | Reached skill level 1 in Translocations
  2131 | D:4      | Reached XP level 6. HP: 5/38 MP: 6/6
  2446 | D:4      | Found a shadowy altar of Dithmenos.
  2482 | D:3      | Noticed a sky beast
  2501 | D:3      | Killed a sky beast
  2512 | D:3      | Gained mutation: You have hidden genetic defects. [potion
                  | of mutation]
  2512 | D:3      | Gained mutation: Your muscles are strong. (Str +2) [potion
                  | of mutation]
  2512 | D:3      | Gained mutation: You are partially covered in iridescent
                  | scales. (AC +2) [potion of mutation]
  2513 | D:3      | Quit the game

Illustrated notes

Levels and vault maps discovered:
D:1:      dpeg_arrival_subterranean_lakeside_camping, layout_loops_ring
D:2:      layout_rooms, dreamdust_ecumenical_altar_angels_and_demons,
          corexii_hall_statues_l
D:3:      layout_basic, lemuel_round_altar, serial_shops, nicolae_shop_stone,
          grunt_decor_junction, grunt_ministairs_7, cheibrodos_gnoll_hut
D:4:      layout_loops_ring, jmf_multi_god_temple2, mainiacjoe_overflow_paths,
          guppyfry_shop_venom

Skill      XL: |  1  2  3  4  5  6 |
---------------+-------------------+-----
Axes           | 2 3 4 |  4.4
Armour         | 4 |  4.5
Fighting       | 4 |  4.2
Shields        | 4 |  4.2
Translocations | 1 2 |  2.0
Stealth        | |  0.7

Action                   |  1- 3 |  4- 6 || total
-------------------------+-------+-------++-------
Melee: War axe           |    99 |    82 ||   181
  Use: Scroll            |     5 |     6 ||    11
       Potion            |       |     1 ||     1
Armor: Scale mail        |    17 |       ||    17
       Chain mail        |    26 |    62 ||    88
Dodge: Dodged            |    41 |    35 ||    76
Block: Buckler           |    26 |    17 ||    43

Table legend: (Time is in decaauts)
 A = Elapsed time spent in this place.
 B = Non-inter-level travel time spent in this place.
 C = Inter-level travel time spent in this place.
 D = Time resting spent in this place.
 E = Time spent auto-exploring this place.
 F = Levels seen in this place.
 G = Mean time per level.
                   A        B        C        D        E       F      G
               +--------+--------+--------+--------+--------+-----+--------+
         Total |   2582 |   2558 |     24 |    146 |   1777 |   4 |  645.5 |
       Dungeon |   2582 |   2558 |     24 |    146 |   1777 |   4 |  645.5 |
               +--------+--------+--------+--------+--------+-----+--------+

Top non-repeatable levels by time:
     D:2: 918 daAuts
     D:1: 914 daAuts
     D:4: 556 daAuts
     D:3: 193 daAuts
